 Dungeon Crawl Stone Soup version 0.28.0-53-g5a82cb258f (webtiles) character file.

Game seed: 11979757910573236239

1011 Peloso the Slasher (level 8, -2/69 HPs)
             Began as a Minotaur Fighter on June 29, 2022.
             Engulfed by a steam dragon's steam (8 damage)
             ... on level 4 of the Dungeon.
             The game lasted 00:08:12 (3876 turns).

Peloso the Slasher (Minotaur Fighter)               Turns: 3876, Time: 00:08:12

Health: -2/69      AC: 12    Str: 21    XL:     8   Next: 1%
Magic:  7/7        EV:  6    Int:  5    God:
Gold:   191        SH:  6    Dex: 18    Spells: 7/7 levels left

rFire   . . .      SeeInvis .   a - +1 long sword
rCold   . . .      Faith    .   c - +0 buckler
rNeg    . . .      Spirit   .   k - +0 plate armour
rPois   .          Reflect  .   (helmet restricted)
rElec   .          Harm     .   (no cloak)
rCorr   .          Rampage  .   (no gloves)
Will    .....                   (no boots)
Stlth   ..........              (no amulet)
HPRegen 0.21/turn               d - +6 ring of dexterity
MPRegen 0.10/turn               (no ring)

@: no status effects
A: horns 2, retaliatory headbutt
a: no special abilities


You were on level 4 of the Dungeon.
You visited 1 branch of the dungeon, and saw 4 of its levels.
You also visited: Ossuary.

You collected 191 gold pieces.

Inventory:

Hand Weapons
 a - a +1 long sword (weapon)
Missiles
 j - 54 bolts
Armour
 b - a +0 scale mail
 c - a +0 buckler (worn)
 k - a +0 plate armour (worn)
Jewellery
 d - a +6 ring of dexterity (left hand)
Scrolls
 e - a scroll of enchant weapon
 f - 4 scrolls of teleportation
 i - a scroll of acquirement
 p - a scroll of fog
 q - a scroll of magic mapping {unknown}
Potions
 g - a potion of flight
 l - a potion of invisibility
 m - a potion of haste {unknown}
 n - 2 potions of berserk rage {unknown}
 o - a potion of lignification {unknown}
 r - a potion of brilliance {unknown}


   Skills:
 + Level 5.4 Fighting
 + Level 7.8 Long Blades
 + Level 6.2 Armour
 + Level 1.1 Dodging
 + Level 5.8 Shields


You had 7 spell levels left.
You didn't know any spells.
Your spell library contained the following spells:

 Spells                   Type           Power      Damage    Failure   Level
 Ensorcelled Hibernation  Hex/Ice        0%         N/A       100%        2
 Passwall                 Tmut/Erth      0%         N/A       100%        2
 Swiftness                Air            0%         N/A       100%        3
 Animate Dead             Necr           0%         N/A       100%        4
 Borgnjor's Vile Clutch   Necr/Erth      0%         N/A       100%        5
 Death Channel            Necr           0%         N/A       100%        6


Dungeon Overview and Level Annotations

Branches:
Dungeon (4/15)            Ossuary (visited)
 Temple: D:4-7

Altars:


Innate Abilities, Weirdness & Mutations

You have a pair of horns on your head.
You reflexively headbutt those who attack you in melee.


Message History

The steam dragon hisses angrily.
A steam dragon is nearby!
The steam dragon breathes steam at you. The ball of steam hits you!
You are engulfed in a cloud of scalding steam.
You barely miss the steam dragon.
You are engulfed in a cloud of scalding steam.
The steam dragon bites you! The steam dragon barely misses you.
You hit the steam dragon but do no damage.
You are engulfed in a cloud of scalding steam.
You block the steam dragon's attack. The steam dragon claws you.
You hit the steam dragon.
The steam dragon is moderately wounded.
The steam dragon breathes steam at you. The ball of steam hits you!
You barely miss the steam dragon.
The steam dragon is moderately wounded.
You are engulfed in a cloud of scalding steam.
* * * LOW HITPOINT WARNING * * *
The steam dragon barely misses you. You furiously retaliate!
You headbutt the steam dragon, but do no damage.
The steam dragon claws you but does no damage.
You hit the steam dragon but do no damage.
The steam dragon is moderately wounded.
You are engulfed in a cloud of scalding steam.
* * * LOW HITPOINT WARNING * * *
You block the steam dragon's attack.
The steam dragon claws you but does no damage.
Unknown command.
You feel better. The steam dragon barely misses you.
The steam dragon claws you but does no damage.
You feel better. The steam dragon breathes steam at you.
The ball of steam hits you!
* * * LOW HITPOINT WARNING * * *
You barely miss the steam dragon.
You headbutt the steam dragon, but do no damage.
The steam dragon is lightly wounded.
You are engulfed in a cloud of scalding steam.
You die...

..##..###..#....#....#
###. .####.....#
....#..... #... .#
#.....# ##..........#
#.## .# ##....#
#....... .....####.##
.# #.####.##....#
.......#.... .# ##.#
#...ยง...# ... #..#..
.###.## #......# ...#
##.### .....##
##..###.# ...# #.#
#####.## #..## #@#
#..###.# ##..###.##
#.D...# ##..#..###
#......##
##....###........#
#...#....#
....#...###.##..
....###.##..# # ......
#..# ## ...# #.# #..#.
###..## ##.## ...
#..####... #..####.)#
.. #.##.....##
#........## ..
..........#
#...<..#..#


You could see a steam dragon (catching breath).

Vanquished Creatures
  Sigmund (D:3)
  Eustachio (D:4)
  A phantom (D:4)
  An ogre (D:4)
  An elf zombie (Ossuary)
  2 centaur zombies (Ossuary)
  An orc priest (D:3)
  A human zombie (Ossuary)
  Natasha (twice) (D:3)
  An iguana (D:4)
  An orc wizard (D:3)
  A hound skeleton (D:4)
  3 mummies
  5 adders
  3 gnolls (D:4)
  An adder zombie (Ossuary)
  2 worms
  5 dart slugs
  4 orcs
  9 bats
  10 endoplasms
  5 giant cockroaches
  6 goblins
  6 hobgoblins
  7 jackals (D:3)
  7 kobolds
  2 quokkas
  7 ball pythons
  6 frilled lizards
  A goblin zombie (Ossuary)
  10 hobgoblin zombies (Ossuary)
  2 jackal zombies (Ossuary)
  8 kobold zombies (Ossuary)
  9 orc zombies (Ossuary)
  10 rats
  A rat zombie (Ossuary)
143 creatures vanquished.

Notes
Turn   | Place    | Note
-------+----------+-------------------------------------------
     0 | D:1      | Peloso the Minotaur Fighter began the quest for the Orb.
     0 | D:1      | Reached XP level 1. HP: 19/19 MP: 0/0
   247 | D:1      | Reached XP level 2. HP: 27/27 MP: 1/1
   693 | D:1      | Reached XP level 3. HP: 28/33 MP: 2/2
   864 | D:1      | Found a faded altar of an unknown god.
  1225 | D:2      | Reached skill level 3 in Long Blades
  1558 | D:2      | Reached skill level 1 in Dodging
  1748 | D:2      | Reached XP level 4. HP: 33/40 MP: 3/3
  2093 | D:3      | Noticed Sigmund
  2103 | D:3      | Killed Sigmund
  2104 | D:3      | Reached skill level 5 in Long Blades
  2104 | D:3      | Reached XP level 5. HP: 7/47 MP: 4/4
  2463 | D:3      | Reached skill level 5 in Armour
  2475 | D:3      | Reached XP level 6. HP: 38/53 MP: 5/5
  2696 | D:3      | Noticed Natasha
  2706 | D:3      | Killed Natasha
  2817 | D:3      | Noticed Natasha
  2824 | D:3      | Killed Natasha
  2825 | D:3      | Reached skill level 5 in Shields
  3040 | D:4      | Identified a scroll of acquirement
  3077 | D:4      | Found a sand-covered staircase.
  3082 | D:4      | Reached skill level 6 in Long Blades
  3085 | Ossuary  | Entered an ossuary
  3215 | Ossuary  | Reached XP level 7. HP: 60/60 MP: 6/6
  3246 | Ossuary  | Reached skill level 5 in Fighting
  3440 | D:4      | Noticed Eustachio
  3445 | D:4      | Reached skill level 7 in Long Blades
  3464 | D:4      | Killed Eustachio
  3677 | D:4      | Reached XP level 8. HP: 69/69 MP: 7/7
  3876 | D:4      | Engulfed by a steam dragon's steam

Illustrated notes

Levels and vault maps discovered:
D:1:      lightli_arrival_maybe_door_vault, layout_loops_ring,
          shapermc_ecumenical_altar_acropolis
D:2:      layout_loops_ring
D:3:      layout_rooms, minmay_surrounded, uniq_sigmund, uniq_natasha
D:4:      cheibrodos_quashed, layout_layer_cave, gup_ossuary_entry_pyramid,
          uniq_eustachio

Skill      XL: |  1  2  3  4  5  6  7 |
---------------+----------------------+-----
Fighting       | 4 5 |  5.4
Shields        | 4 5 |  5.8
Armour         | 4 5 6 |  6.2
Long Blades    | 3 5 6 7 |  7.8
Dodging        | 1 |  1.1

Action                   |  1- 3 |  4- 6 |  7- 9 || total
-------------------------+-------+-------+-------++-------
Melee: Long sword        |   101 |   185 |    77 ||   363
       Headbutt          |    13 |    17 |    20 ||    50
  Use: Scroll            |     3 |     3 |     1 ||     7
       Potion            |     2 |     1 |     2 ||     5
Armor: Scale mail        |    27 |       |       ||    27
       Plate armour      |    31 |   122 |    75 ||   228
Dodge: Dodged            |    43 |    50 |    29 ||   122
Block: Buckler           |    19 |    46 |    30 ||    95
